 Dungeon Crawl Stone Soup version 0.29.0-11-gd7f09526c8 (webtiles) character file.

Game seed: 12394739484243398943

350 pacmanke6689 the Slasher (level 6, 0/46 HPs)
             Began as a Demonspawn Gladiator on Sept 3, 2022.
             Slain by Natasha (4 damage)
             ... on level 4 of the Dungeon.
             The game lasted 00:14:49 (4520 turns).

pacmanke6689 the Slasher (Demonspawn Gladiator)     Turns: 4520, Time: 00:14:49

Health: 0/46       AC:  7    Str: 17    XL:     6   Next: 33%
Magic:  6/6        EV: 18    Int:  9    God:
Gold:   152        SH:  0    Dex: 14    Spells: 4/5 levels left

rFire   . . .      SeeInvis .   a - +1 long sword
rCold   . . .      Faith    .   (no shield)
rNeg    . . .      Spirit   .   b - +0 leather armour
rPois   +          Reflect  .   (helmet restricted)
rElec   .          Harm     .   n - +0 cloak {rPois}
rCorr   .          Rampage  .   m - +0 pair of gloves
Will    .....                   (no boots)
Stlth   +.........              (no amulet)
HPRegen 0.15/turn               (no ring)
MPRegen 0.10/turn               (no ring)

@: agile, invisible (expiring)
A: antennae 2, yellow scales 1, powered by death 1, powered by pain 1
a: no special abilities


You were on level 4 of the Dungeon.
You visited 1 branch of the dungeon, and saw 4 of its levels.

You collected 152 gold pieces.

Inventory:

Hand Weapons
 a - a +1 long sword (weapon)
Missiles
 d - 3 throwing nets (quivered)
 e - a javelin
Armour
 b - a +0 leather armour (worn)
 c - a +1 helmet
 m - a +0 pair of gloves (worn)
 n - a +0 cloak of poison resistance (worn)
Scrolls
 f - 2 scrolls of amnesia
 j - a scroll of noise
 o - a scroll of fog
 p - 2 scrolls of identify
 r - a scroll of enchant armour
Potions
 i - 2 potions of flight
 k - a potion of attraction
 s - a potion of cancellation


   Skills:
 + Level 2.9 Fighting
 + Level 4.8 Long Blades
 + Level 1.7 Throwing
 - Level 1.5 Armour
 + Level 3.7 Dodging
 - Level 0.9 Stealth
 + Level 0.4 Spellcasting
 + Level 0.6 Conjurations
 + Level 0.9 Fire Magic


You had 4 spell levels left.
You knew the following spells:

 Your Spells              Type           Power      Damage    Failure   Level
a - Foxfire               Conj/Fire      4%         2x1d4     34%         1

Your spell library contained the following spells:

 Spells                   Type           Power      Damage    Failure   Level
 Ensorcelled Hibernation  Hex/Ice        0%         N/A       56%         2
 Conjure Flame            Conj/Fire      1%         6-21      71%         3
 Inner Flame              Hex/Fire       1%         N/A       75%         3
 Spider Form              Tmut/Pois      0%         N/A       80%         3
 Flame Wave               Conj/Fire      1%         2d4       98%         4
 Anguish                  Hex/Necr       0%         N/A       99%         4
 Leda's Liquefaction      Hex/Erth       0%         N/A       99%         4
 Lee's Rapid Deconstruct  Erth           0%         3d5*      100%        5
 Statue Form              Tmut/Erth      0%         N/A       100%        6


Dungeon Overview and Level Annotations

Branches:
Dungeon (4/15)
 Temple: D:4-7

Altars:

Annotations:
D:4 Blork the orc, Natasha


Innate Abilities, Weirdness & Mutations

You have a pair of antennae on your head.
You are partially covered in yellow scales. (AC +2)
You regenerate a little health from kills.
You sometimes gain a little power by taking damage.


Message History

You slash Natasha!
Natasha is heavily wounded.
Natasha drinks a potion.
Natasha is healed!
You completely miss Natasha. Natasha claws you but does no damage.
Natasha misses you.
You slash Natasha!
Natasha is heavily wounded.
Natasha claws you but does no damage.
You barely miss Natasha.
Natasha is heavily wounded.
Natasha misses you.
You miss Natasha.
Natasha is heavily wounded.
Natasha mumbles some strange words.
You feel disoriented. Natasha closely misses you.
You closely miss Natasha.
Natasha is heavily wounded.
Natasha claws you.
* * * LOW HITPOINT WARNING * * *
You completely miss Natasha.
Natasha is heavily wounded.
Natasha closely misses you.
You hit Natasha.
Natasha is severely wounded.
Natasha misses you. Natasha closely misses you.
You closely miss Natasha.
Natasha is severely wounded.
Natasha wildly gestures.
Natasha's front paws start to glow.
Natasha closely misses you.
You closely miss Natasha.
Natasha is severely wounded.
Natasha misses you.
You hit Natasha.
Natasha is almost dead.
You flicker for a moment.
Natasha hisses.
Natasha claws you.
You die...

#.##.####
#...
#####.####
####
#.....##
#.##S..# #.
#.#.#
#.##...#
#.....##
####.###
#...@..#
#.##h#.# #
#.#.####...
#
#.5....S...
### #
###.##.#....
.. # #5#
..##.##. #
#..!....#
.....#.###
######.##
#.#......)
.##
#....{.##


You could see Natasha, a shadow imp (summoned, unable to see you) and a ball
python (wandering, unable to see you).

Vanquished Creatures
  A scorpion (D:4)
  A howler monkey (D:4)
  A jelly (D:4)
  Crazy Yiuf (D:2)
  An orc wizard (D:3)
  6 adders
  A white imp (D:3)
  4 worms
  3 dart slugs
  7 orcs
  5 bats
  5 endoplasms
  A giant cockroach (D:1)
  14 goblins
  3 hobgoblins
  6 jackals
  10 kobolds
  3 quokkas
  6 ball pythons
  3 rats
82 creatures vanquished.

Vanquished Creatures (others)
  12 foxfires
12 creatures vanquished.

Grand Total: 94 creatures vanquished

Notes
Turn   | Place    | Note
-------+----------+-------------------------------------------
     0 | D:1      | pacmanke6689 the Demonspawn Gladiator began the quest for
                  | the Orb.
     0 | D:1      | Reached XP level 1. HP: 16/16 MP: 1/1
    90 | D:1      | Found a faded altar of an unknown god.
   339 | D:1      | Reached skill level 3 in Long Blades
   339 | D:1      | Gained mutation: You sometimes gain a little power by
                  | taking damage. [demonic ancestry]
   339 | D:1      | Reached XP level 2. HP: 19/22 MP: 2/2
   712 | D:1      | Learned a level 1 spell: Foxfire
  1374 | D:2      | Gained mutation: You have a pair of small antennae on your
                  | head. [demonic ancestry]
  1374 | D:2      | Reached XP level 3. HP: 16/27 MP: 3/3
  1833 | D:2      | Reached skill level 1 in Armour
  2368 | D:2      | Gained mutation: You regenerate a little health from kills.
                  | [demonic ancestry]
  2368 | D:2      | Reached XP level 4. HP: 33/33 MP: 4/4
  2764 | D:2      | Found a runed translucent door.
  2765 | D:2      | Noticed Crazy Yiuf
  2910 | D:2      | Killed Crazy Yiuf
  3344 | D:3      | Reached skill level 4 in Long Blades
  3344 | D:3      | Gained mutation: You have a pair of antennae on your head.
                  | [demonic ancestry]
  3344 | D:3      | Reached XP level 5. HP: 25/39 MP: 5/5
  4119 | D:4      | Gained mutation: You are partially covered in yellow
                  | scales. (AC +2) [demonic ancestry]
  4119 | D:4      | Reached XP level 6. HP: 43/46 MP: 6/6
  4480 | D:4      | Noticed Blork the orc
  4482 | D:4      | Noticed Natasha
  4520 | D:4      | Slain by Natasha

Illustrated notes

Levels and vault maps discovered:
D:1:      matt_arrival_refuge, layout_basic, hellmonk_ecumenical_altar_run_dry
D:2:      kennysheep_the_goblin_king, layout_loops_ring, uniq_crazy_yiuf_cottage
D:3:      layout_basic
D:4:      layout_loops_cross, uniq_blork_the_orc, uniq_natasha

Skill      XL: |  1  2  3  4 |
---------------+-------------+-----
Long Blades    | 3 4 |  4.8
Dodging        | 3 |  3.7
Armour         | 1 |  1.5
Fighting       | |  2.9
Throwing       | |  1.7
Stealth        | |  0.9
Spellcasting   | |  0.4
Conjurations   | |  0.6
Fire Magic     | |  0.9

Action                   |  1- 3 |  4- 6 || total
-------------------------+-------+-------++-------
Melee: Long sword        |   126 |   171 ||   297
Throw: Throwing net      |     3 |       ||     3
 Cast: Foxfire           |     3 |     7 ||    10
  Use: Scroll            |     4 |     8 ||    12
       Potion            |     4 |     2 ||     6
 Stab: Held in net/web   |     2 |       ||     2
Armor: Leather armour    |    30 |    61 ||    91
Dodge: Dodged            |    78 |   122 ||   200
